 Dungeon Crawl Stone Soup version 0.29-a0-620-g13ace881f2 (webtiles) character file.

Game seed: 15476560306120958881

6 Nedwor the Skirmisher (level 1, 19/19 HPs)
             Began as a Ghoul Monk on June 18, 2022.
             Quit the game on level 1 of the Dungeon.
             The game lasted 00:00:47 (414 turns).

Nedwor the Skirmisher (Ghoul Monk)                   Turns: 414, Time: 00:00:48

Health: 19/19      AC:  2    Str: 14    XL:     1   Next: 90%
Magic:  0/0        EV: 12    Int:  5    God:
Gold:   21         SH:  0    Dex: 11    Spells: 0/0 levels left

rFire   . . .      SeeInvis .   a - +0 mace
rCold   + . .      Faith    .   (no shield)
rNeg    + + +      Spirit   .   b - +0 robe
rPois   ∞          Reflect  .   (no helmet)
rElec   .          Harm     .   (no cloak)
rCorr   .          Rampage  .   (no gloves)
Will    .....                   (no boots)
Stlth   ++........              (no amulet)
HPRegen 0.06/turn               (no ring)
MPRegen 0.07/turn               (no ring)

@: no status effects
A: claws 1, cold resistance 1, negative energy resistance 3, inhibited
regeneration, torment resistance 2, devour on kill
a: no special abilities


You were on level 1 of the Dungeon.
You visited 1 branch of the dungeon, and saw 1 of its levels.

You collected 21 gold pieces.

Inventory:

Hand Weapons
 a - a +0 mace (weapon)
Armour
 b - a +0 robe (worn)
Scrolls
 e - a scroll of acquirement {unknown}
 f - a scroll of immolation {unknown}
 g - a scroll of torment {unknown}
Potions
 c - a potion of ambrosia
 d - a potion of flight {unknown}


   Skills:
 + Level 3.4 Fighting
 * Level 2.9 Maces & Flails
 + Level 2.8 Dodging
 - Level 2.1 Stealth


You couldn't memorise any spells.
You didn't know any spells.
Your spell library contained the following spells:

 Spells                   Type           Power      Damage    Failure   Level
 Necrotize                Necr           0%         1d4       47%         1
 Vampiric Draining        Necr           0%         2d6       85%         3
 Agony                    Necr           0%         N/A       100%        5


Dungeon Overview and Level Annotations

Branches:
Dungeon (1/15)

Altars:


Innate Abilities, Weirdness & Mutations

You are immune to poison.
You have sharp fingernails.
Your flesh is cold resistant. (rC+)
You are immune to negative energy. (rN+++)
You do not regenerate when monsters are visible.
You are immune to unholy pain and torment.
You thrive by killing the living.


Message History

A frilled lizard comes into view.
A frilled lizard is nearby!
The frilled lizard hisses angrily.
You barely miss the frilled lizard.
The frilled lizard bites you but does no damage.
You closely miss the frilled lizard.
The frilled lizard completely misses you.
You closely miss the frilled lizard.
The frilled lizard bites you but does no damage.
The frilled lizard bites you.
You barely miss the frilled lizard. The frilled lizard bites you.
You barely miss the frilled lizard. The frilled lizard bites you.
You miss the frilled lizard. The frilled lizard barely misses you.
The frilled lizard bites you.
You barely miss the frilled lizard. The frilled lizard bites you.
You are too injured to fight recklessly!
You are too injured to fight recklessly!
A frilled lizard is nearby!
A frilled lizard is nearby!
A frilled lizard is nearby!
A frilled lizard is nearby!
You are too injured to fight recklessly!
You are too injured to fight recklessly!
You are too injured to fight recklessly!
You are too injured to fight recklessly!
You are too injured to fight recklessly!
You are too injured to fight recklessly!
You are too injured to fight recklessly!
You are too injured to fight recklessly!
You are too injured to fight recklessly!
You are too injured to fight recklessly!
You hit the frilled lizard.
You kill the frilled lizard!
You feel better.
You see here a frilled lizard corpse.
You pick up a book of Necromancy and begin reading...
You add the spells Necrotize, Vampiric Draining and Agony to your library.
f - a scroll labelled TOQIOH KARCH
g - a scroll labelled IFOYPE MEFUIK Are you sure you want to abandon this character and quit the game? (Confirm with "yes".)

# #########
#...########........
#....@......#
....########..######
# #.......#
#.#####.# #.# ##.##
#.####.#.###
#.....###..#
...####.#.#.# ..
###...#.##


There were no monsters in sight!

Vanquished Creatures
  2 ball pythons (D:1)
  A goblin (D:1)
  A hobgoblin (D:1)
  A frilled lizard (D:1)
5 creatures vanquished.

Notes
Turn   | Place    | Note
-------+----------+-------------------------------------------
     0 | D:1      | Nedwor the Ghoul Monk began the quest for the Orb.
     0 | D:1      | Reached XP level 1. HP: 19/19 MP: 0/0
   414 | D:1      | Quit the game

Illustrated notes

Levels and vault maps discovered:
D:1:      evilmike_arrival_hilbert_curve, layout_loops_ring,
          chequers_ecumenical_altar_grove, grunt_decor_cap, minmay_tetromino_i2

Action                   || total
-------------------------++-------
Melee: Mace              ||    13
Armor: Robe              ||     2
Dodge: Dodged            ||     5

Table legend: (Time is in decaauts)
 A = Elapsed time spent in this place.
 B = Non-inter-level travel time spent in this place.
 C = Inter-level travel time spent in this place.
 D = Time resting spent in this place.
 E = Time spent auto-exploring this place.
 F = Levels seen in this place.
 G = Mean time per level.
                   A        B        C        D        E       F      G
               +--------+--------+--------+--------+--------+-----+--------+
         Total |    417 |    417 |      0 |      0 |    372 |   1 |  417.0 |
       Dungeon |    417 |    417 |      0 |      0 |    372 |   1 |  417.0 |
               +--------+--------+--------+--------+--------+-----+--------+

Top non-repeatable levels by time:
     D:1: 417 daAuts
